 Dungeon Crawl Stone Soup version 0.30-a0-242-g7bf8e6d787 (webtiles) character file.

Game seed: 16593152072449572480

84 koil the Sneak (level 4, 0/21 HPs)
             Began as a Spriggan Enchanter on Oct 11, 2022.
             Constricted to death by Robin (5 damage)
             ... on level 2 of the Dungeon.
             The game lasted 00:05:07 (1812 turns).

koil the Sneak (Spriggan Enchanter)                 Turns: 1812, Time: 00:05:14

Health: 0/21       AC:  2    Str:  4    XL:     4   Next: 23%
Magic:  7/9        EV: 15    Int: 16    God:
Gold:   156        SH:  0    Dex: 17    Spells: 7/9 levels left

rFire   . . .      SeeInvis +    a - +4 dagger
rCold   . . .      Faith    .    (no shield)
rNeg    . . .      Spirit   .    b - +0 robe
rPois   .          Reflect  .    (helmet restricted)
rElec   .          Harm     .    (no cloak)
rCorr   .          Rampage  .    (gloves unavailable)
Will    .....                    (boots unavailable)
Stlth   +++.......               (no amulet)
HPRegen 0.23/turn                (no ring)
MPRegen 0.11/turn                (no ring)

@: grasped by roots, constricted, very quick
A: very small, no large weapons, unfitting armour, see invisible, speed 3
a: no special abilities


You were on level 2 of the Dungeon.
You visited 1 branch of the dungeon, and saw 2 of its levels.

You collected 156 gold pieces.

Inventory:

Hand Weapons
 a - a +4 dagger (weapon)
 e - a +1 dagger
 i - the +8 falchion of the Moon {holy, rF+}
   (You found it on level 2 of the Dungeon)

   It has been blessed by the Shining One to cause great damage to the undead
   and demons.
   rF:        It protects you from fire.
 l - a +3 dagger
Armour
 b - a +0 robe (worn)
Scrolls
 d - a scroll of blinking {unknown}
 f - 2 scrolls of immolation {unknown}
 h - 2 scrolls of identify {unknown}
 k - a scroll of teleportation {unknown}
Potions
 c - 2 potions of invisibility
 g - a potion of berserk rage {unknown}
 j - a potion of degeneration {unknown}


   Skills:
 + Level 0.5 Fighting
 + Level 2.0 Short Blades
 + Level 3.4 Dodging
 + Level 5.5 Stealth
 + Level 3.1 Spellcasting
 + Level 4.2 Hexes
 + Level 0.2 Ice Magic


You had 7 spell levels left.
You knew the following spells:

 Your Spells              Type           Power      Damage    Failure   Level
a - Ensorcelled Hibernat  Hex/Ice        18%        N/A       12%         2

Your spell library contained the following spells:

 Spells                   Type           Power      Damage    Failure   Level
 Confusing Touch          Hex            15%        N/A       10%         3
 Tukima's Dance           Hex            15%        N/A       10%         3
 Dazzling Flash           Conj/Hex       18%        N/A       24%         3


Dungeon Overview and Level Annotations

Branches:
Dungeon (2/15)

Altars:

Shops:
D:1 :

Annotations:
D:2 Robin


Innate Abilities, Weirdness & Mutations

You are very small and have problems with some larger weapons.
You are too small for most types of armour.
You have supernaturally acute eyesight. (SInv)
You cover ground extremely quickly. (Speed+++)


Message History

Robin throws the goblin at you! The goblin misses you. The goblin misses you.
Things that are here:
a +0 club; 7 stones; a goblin corpse
Casting: Ensorcelled Hibernation (safe; 12% risk of failure)
Confirm with . or Enter, or press ? or * to list all spells.
Aiming: Ensorcelled Hibernation (safe; 12% risk of failure)
Press: ? - help, Shift-Dir - straight line, f - goblin
Aim: a goblin, wielding a +0 dagger (chance to affect: 61%)
The goblin looks drowsy...
Robin zaps a wand.
The roots erupt in riotous growth!
The goblin is unaffected.
The grasping roots grab you!
Robin is unaffected.
The grasping roots constrict you. The goblin misses you.
Casting: Ensorcelled Hibernation (safe; 12% risk of failure)
Confirm with . or Enter, or press ? or * to list all spells.
You don't know that spell.
Casting: Ensorcelled Hibernation (safe; 12% risk of failure)
Confirm with . or Enter, or press ? or * to list all spells.
You don't know that spell.
Casting: Ensorcelled Hibernation (safe; 12% risk of failure)
Confirm with . or Enter, or press ? or * to list all spells.
You don't know that spell.
Unknown command.
Unknown command.
The helpless goblin fails to defend itself.
You impale the goblin!!
You kill the goblin!
The goblin completely misses you.
Robin hits you from afar with a +0 spear.
The grasping roots constrict you.
* * * LOW HITPOINT WARNING * * *
You closely miss the goblin.
The grasping roots release their grip on you.
You hit the goblin.
The goblin is almost dead.
The goblin barely misses you.
Robin zaps a wand.
The roots erupt in riotous growth!
The goblin is unaffected.
The grasping roots grab you!
Robin is unaffected.
The grasping roots constrict you.
You die...

##.######################
#.........# #.........
#..######.# #.#######.
#..#......#####.#.....#
#..†.(.............##.#
##.#...#....###.#..##.#
#.......##.....#..##.#
######...########..##.#
...............)@gg.##(#
.########.#########.##.#.#
#.# #..........# #.#
#†######.### #.# #.# #.#
#.# #.# #.# #.# #g# #.#
..# #.# #.#
##############g# #.#


You could see Robin and a goblin.

Vanquished Creatures
  An adder (D:2)
  3 worms (D:2)
  2 dart slugs
  5 ball pythons
  4 endoplasms
  4 giant cockroaches
  9 goblins
  4 hobgoblins
  5 jackals
  5 kobolds
  A quokka (D:1)
  7 bats
  2 frilled lizards (D:1)
  4 rats (D:1)
56 creatures vanquished.

Vanquished Creatures (others)
  2 plants (D:2)
2 creatures vanquished.

Grand Total: 58 creatures vanquished

Notes
Turn   | Place    | Note
-------+----------+-------------------------------------------
     0 | D:1      | koil the Spriggan Enchanter began the quest for the Orb.
     0 | D:1      | Reached XP level 1. HP: 9/9 MP: 5/5
    59 | D:1      | Found Sinux's Book Shoppe.
   287 | D:1      | Reached XP level 2. HP: 13/13 MP: 6/6
   290 | D:1      | Learned a level 2 spell: Ensorcelled Hibernation
   321 | D:1      | Reached skill level 5 in Stealth
   614 | D:1      | Reached XP level 3. HP: 16/16 MP: 8/8
  1173 | D:2      | Found a faded altar of an unknown god.
  1282 | D:2      | Identified the +8 falchion of the Moon {holy, rF+}
  1491 | D:2      | Reached XP level 4. HP: 21/21 MP: 9/9
  1760 | D:2      | Noticed Robin
  1812 | D:2      | Constricted to death by Robin

Illustrated notes

Levels and vault maps discovered:
D:1:      sevenhm_arrival_forest_fort_small_5, layout_basic, serial_shops, shop,
          minmay_misc_feat_rows, roderic_lattice_a
D:2:      layout_basic, shapermc_ecumenical_altar_mp_urbaneastern,
          serial_bayou_pond_b, kennysheep_generic_room_5, uniq_robin

Skill      XL: |  1  2  3  4 |
---------------+-------------+-----
Hexes          | 4 |  4.2
Stealth        | 5 |  5.5
Spellcasting   | 3 |  3.1
Dodging        | 3 |  3.4
Short Blades   | 2 |  2.0
Fighting       | |  0.5
Ice Magic      | |  0.2

Action                   |  1- 3 |  4- 6 || total
-------------------------+-------+-------++-------
Melee: Dagger            |   144 |    26 ||   170
 Cast: Ensorcelled Hiber |     9 |     1 ||    10
 Stab: Sleeping          |    11 |     2 ||    13
       Distracted        |     1 |       ||     1
Armor: Robe              |    20 |     1 ||    21
Dodge: Dodged            |   126 |    25 ||   151

Table legend: (Time is in decaauts)
 A = Elapsed time spent in this place.
 B = Non-inter-level travel time spent in this place.
 C = Inter-level travel time spent in this place.
 D = Time resting spent in this place.
 E = Time spent auto-exploring this place.
 F = Levels seen in this place.
 G = Mean time per level.
                   A        B        C        D        E       F      G
               +--------+--------+--------+--------+--------+-----+--------+
         Total |   1267 |   1242 |     25 |     92 |    806 |   2 |  633.5 |
       Dungeon |   1267 |   1242 |     25 |     92 |    806 |   2 |  633.5 |
               +--------+--------+--------+--------+--------+-----+--------+

Top non-repeatable levels by time:
     D:1: 645 daAuts
     D:2: 621 daAuts
